 Dungeon Crawl Stone Soup version 0.29-a0-668-g12ee2bf84d (webtiles) character file.

Game seed: 10362925870093882215

525 bande the Shield-Bearer (level 7, -3/44 HPs)
             Began as a Gargoyle Fighter on June 23, 2022.
             Slain by an iron imp (4 damage)
             ... summoned by Eustachio
             ... on level 4 of the Dungeon.
             The game lasted 00:06:12 (3907 turns).

bande the Shield-Bearer (Gargoyle Fighter)          Turns: 3907, Time: 00:06:12

Health: -3/44      AC: 13    Str: 19    XL:     7   Next: 23%
Magic:  7/7        EV:  9    Int:  9    God:
Gold:   76         SH: 11    Dex: 11    Spells: 6/6 levels left

rFire   + . .      SeeInvis .   a - +0 war axe
rCold   . . .      Faith    .   c - +1 buckler
rNeg    + . .      Spirit   .   b - +0 scale mail
rPois   ∞          Reflect  +   (no helmet)
rElec   +          Harm     .   (no cloak)
rCorr   .          Rampage  .   (no gloves)
Will    .....                   h - +0 pair of boots
Stlth   ..........              g - amulet of reflection
HPRegen 0.14/turn               f - ring of protection from fire
MPRegen 0.10/turn               (no ring)

@: mighty
A: sickness immunity, AC +4, negative energy resistance 1, electricity
resistance, torment resistance 1, petrification resistance
a: no special abilities


You were on level 4 of the Dungeon.
You visited 1 branch of the dungeon, and saw 4 of its levels.

You collected 76 gold pieces.

Inventory:

Hand Weapons
 a - a +0 war axe (weapon)
Armour
 b - a +0 scale mail (worn)
 c - a +1 buckler (worn)
 h - a +0 pair of boots (worn)
 j - a +1 leather armour of cold resistance
Jewellery
 f - a ring of protection from fire (left hand)
 g - an amulet of reflection (around neck)
Wands
 i - a wand of acid (6)
Scrolls
 e - a scroll of amnesia {unknown}
Potions
 k - a potion of flight
 l - a potion of resistance


   Skills:
 + Level 4.6 Fighting
 + Level 4.6 Axes
 + Level 4.5 Armour
 - Level 0.1 Dodging
 + Level 5.1 Shields
 * Level 0.5 Evocations


You had 6 spell levels left.
You didn't know any spells.
Your spell library contained the following spells:

 Spells                   Type           Power      Damage    Failure   Level
 Ensorcelled Hibernation  Hex/Ice        0%         N/A       92%         2
 Passwall                 Tmut/Erth      0%         N/A       92%         2
 Swiftness                Air            0%         N/A       99%         3


Dungeon Overview and Level Annotations

Branches:
Dungeon (4/15)
 Temple: D:4-7

Altars:
Cheibriados
Elyvilon
Kikubaaqudgha
Qazlal
Yredelemnul
Zin

Shops:
D:1 (?=   D:2 :

Annotations:
D:4 Eustachio


Innate Abilities, Weirdness & Mutations

You are immune to sickness and miasma.
Your stone body is resilient. (AC +4)
You are immune to poison.
You resist negative energy. (rN+)
You are resistant to electric shocks. (rElec)
You are resistant to unholy torment.
You are immune to petrification.


Message History

You kill the rat!
The rat's corpse disappears in a puff of smoke!
Eustachio mumbles some strange words.
The bat closely misses you.
The river rat bites you but does no damage.
You hit Eustachio.
Eustachio is heavily wounded.
You closely miss the quokka. You hit the river rat. You block the bat's attack.
The quokka bites you but does no damage.
Eustachio gestures wildly while chanting.
You block the river rat's attack.
You barely miss Eustachio.
Eustachio is heavily wounded.
You hit the quokka. You hit the river rat. The bat hits you but does no damage.
The quokka barely misses you. Eustachio hits you with a +0 rapier!
* * * LOW HITPOINT WARNING * * *
The river rat barely misses you. You block the quokka's attack.
You hit Eustachio.
Eustachio is heavily wounded.
You barely miss the quokka. You closely miss the river rat.
You hit the iron imp but do no damage. You block Eustachio's attack.
The quokka barely misses you. You block the river rat's attack.
Eustachio casts a spell.
Eustachio blinks!
The iron imp closely misses you.
You feel very mighty all of a sudden. You block the bat's attack.
The quokka misses you.
The river rat bites you but does no damage.
Eustachio casts a spell.
The quokka barely misses you.
The white imp disappears in a puff of smoke!
The bat closely misses you. You block the river rat's attack.
The iron imp hits you!
* * * LOW HITPOINT WARNING * * *
The quokka bites you but does no damage.
Eustachio gestures wildly while chanting.
Eustachio blinks!
Things that are here:
a +0 flail; a +0 leather armour; an orc corpse You block the bat's attack.
The iron imp hits you.
You die...

#....###....<.#
#.#...........#
#.#.######....#
#.... #..###
#....#####..#
............###
#..........?r..#
..?.###5r#.#####
... #..@.......
.. #.)b........
...........#####
.#..5.....#
#........#
....5....##
##....@.##
#..#....


You could see Eustachio, an iron imp (summoned), a quasit (summoned), a river
rat (summoned), a shadow imp (summoned), a quokka (summoned) and a bat
(summoned).

Vanquished Creatures
  Grinder (D:3)
  A scorpion (D:4)
  2 vampire bats (D:3)
  An iguana (D:4)
  Jessica (D:2)
  An orc wizard (D:3)
  5 adders
  2 worms (D:2)
  A dart slug (D:1)
  5 orcs
  2 bat skeletons (D:3)
  3 bat zombies (D:3)
  6 endoplasms
  4 giant cockroaches
  3 goblins
  7 hobgoblins
  5 jackals
  4 quokkas
  8 ball pythons
  4 bats
  3 frilled lizards
  2 kobolds
  6 rats
  A spectral goblin (D:1)
78 creatures vanquished.

Notes
Turn   | Place    | Note
-------+----------+-------------------------------------------
     0 | D:1      | bande the Gargoyle Fighter began the quest for the Orb.
     0 | D:1      | Reached XP level 1. HP: 14/14 MP: 1/1
   112 | D:1      | Reached XP level 2. HP: 9/19 MP: 2/2
   400 | D:1      | Found Yckec's Magic Scroll Boutique.
   525 | D:1      | Found Zexzivun's Weapon Boutique.
   661 | D:1      | Found Rebacedo's Jewellery Shop.
   774 | D:1      | Found a faded altar of an unknown god.
  1091 | D:2      | Reached XP level 3. HP: 14/24 MP: 3/3
  1398 | D:2      | Found Binaco's Book Emporium.
  1433 | D:2      | Reached skill level 4 in Shields
  1712 | D:2      | Noticed Jessica
  1717 | D:2      | Reached XP level 4. HP: 28/29 MP: 4/4
  1721 | D:2      | Killed Jessica
  2043 | D:3      | Noticed Grinder
  2065 | D:3      | Killed Grinder
  2066 | D:3      | Reached XP level 5. HP: 6/34 MP: 5/5
  2066 | D:3      | Reached XP level 6. HP: 7/39 MP: 6/6
  2938 | D:3      | Found a basalt altar of Yredelemnul.
  2941 | D:3      | Found a stormy altar of Qazlal.
  2942 | D:3      | Found a snail-covered altar of Cheibriados.
  2953 | D:3      | Found a white marble altar of Elyvilon.
  2953 | D:3      | Found a glowing silver altar of Zin.
  3642 | D:3      | Found an ancient bone altar of Kikubaaqudgha.
  3652 | D:3      | Reached skill level 5 in Shields
  3823 | D:4      | Reached XP level 7. HP: 44/44 MP: 7/7
  3881 | D:4      | Noticed Eustachio
  3906 | D:4      | HP: 1/44 [iron imp[Eustachio] (8)]
  3907 | D:4      | Slain by an iron imp

Illustrated notes

Levels and vault maps discovered:
D:1:      eino_arrival_cavern_b, layout_basic, serial_shops,
          nicolae_diamond_shop, shop, nicolae_shop_advertising_works
          [nicolae_subvault_shop_adworks],
          dreamdust_ecumenical_altar_drowned_temple
D:2:      layout_basic, serial_shops, shop, kennysheep_jessica_study
D:3:      layout_basic, kennysheep_vampire_church,
          minmay_overflow_temple_star_hex, uniq_grinder
D:4:      layout_loops_ring, ebering_ghost_sewer_d, uniq_robin, uniq_eustachio

Skill      XL: |  1  2  3  4  5  6 |
---------------+-------------------+-----
Axes           | 2 3 4 |  4.6
Shields        | 4 5 |  5.1
Fighting       | 4 |  4.6
Armour         | 4 |  4.5
Dodging        | |  0.1
Evocations     | |  0.5

Action                   |  1- 3 |  4- 6 |  7- 9 || total
-------------------------+-------+-------+-------++-------
Melee: War axe           |    81 |   127 |    19 ||   227
  Use: Scroll            |     4 |     5 |       ||     9
       Potion            |       |       |     1 ||     1
Armor: Scale mail        |    32 |    67 |    13 ||   112
Dodge: Dodged            |    32 |    55 |    14 ||   101
Block: Buckler           |    35 |    86 |    25 ||   146
       Reflection        |       |     3 |       ||     3

Table legend: (Time is in decaauts)
 A = Elapsed time spent in this place.
 B = Non-inter-level travel time spent in this place.
 C = Inter-level travel time spent in this place.
 D = Time resting spent in this place.
 E = Time spent auto-exploring this place.
 F = Levels seen in this place.
 G = Mean time per level.
                   A        B        C        D        E       F      G
               +--------+--------+--------+--------+--------+-----+--------+
         Total |   4005 |   3938 |     67 |    807 |   2465 |   4 | 1001.2 |
       Dungeon |   4005 |   3938 |     67 |    807 |   2465 |   4 | 1001.2 |
               +--------+--------+--------+--------+--------+-----+--------+

Top non-repeatable levels by time:
     D:3: 1726 daAuts
     D:1: 1095 daAuts
     D:2: 998 daAuts
     D:4: 184 daAuts
